 Dungeon Sprint DCSS version 0.25.1-2-g60ff931df9 (webtiles) character file.

Game seed: 13550100683012060871

428 funkygono the Protected (level 6, -2/64 HPs)
             Began as a Minotaur Fighter on Sept 5, 2020.
             Was an Initiate of the Shining One.
             Slain by a centaur warrior (4 damage)
             ... in the Dungeon (Sprint I: "Red Sonja").
             The game lasted 00:02:37 (777 turns).

funkygono the Protected (Minotaur Fighter)           Turns: 777, Time: 00:02:38

Health: -2/64      AC: 12    Str: 23    XL:     6   Next: 65%
Magic:  5/5        EV:  8    Int:  5    God:    the Shining One [......]
Gold:   323        SH: 11    Dex:  9    Spells: 5/5 levels left

rFire    . . .     SeeInvis .   a - +0 flail
rCold    . . .     Gourm    .   c - +0 kite shield
rNeg     . . .     Faith    .   l - +1 chain mail {MR+}
rPois    .         Spirit   .   (helmet restricted)
rElec    .         Reflect  .   (no cloak)
rCorr    .         Harm     .   (no gloves)
MR       +....     NoTele   +   (no boots)
Stlth    ..........             (no amulet)
HPRegen  0.20/turn              (no ring)
MPRegen  0.09/turn              (no ring)

@: glowing
A: retaliatory headbutt, horns 2
a: Renounce Religion


You were in the Dungeon.
You worshipped the Shining One.
The Shining One was noncommittal.
You were not hungry.

You visited 1 branch You collected 323 gold pieces.

Inventory:

Hand Weapons
 a - a +0 flail (weapon)
Armour
 c - a +0 kite shield (worn)
 l - a +1 chain mail of magic resistance (worn)
Scrolls
 k - a scroll of blinking
Potions
 d - a potion of might
 e - a potion of curing
 g - a potion of heal wounds
 h - a potion of haste
 i - 2 potions of magic
Comestibles
 b - 4 chunks of flesh
 f - 2 rations


   Skills:
 + Level 9.5 Fighting
 + Level 7.2 Maces & Flails
 + Level 10.0 Armour
 + Level 2.0 Dodging
 + Level 9.3 Shields
 + Level 1.3 Unarmed Combat


You had 5 spell levels left.
You didn't know any spells.
Your spell library was empty.

Dungeon Overview and Level Annotations

Branches:
Dungeon (1/1)

Altars:
Cheibriados
Dithmenos
Elyvilon
Fedhas
Gozag
Hepliaklqana
Kikubaaqudgha
Nemelex Xobeh
Okawaru
Qazlal
Ru
Sif Muna
Trog
Uskayaw
Vehumet
Wu Jian
Yredelemnul
Zin
The Shining One

Shops:
D (


Innate Abilities, Weirdness & Mutations

You reflexively headbutt those who attack you in melee.
You have a pair of horns on your head.


Message History

You see here an arrow.
The centaur warrior shoots an arrow.
The arrow hits you!
You see here an arrow.
The centaur warrior wields a +0 longbow.
The centaur warrior shoots an arrow.
You block the arrow.
The centaur warrior unwields a +0 shortbow.
The centaur warrior hits you!
Found a scroll labeled MEKUDI ANTAI, a runed robe and 20 stones.
You see here an arrow.
The centaur warrior unwields a +0 longbow.
The centaur warrior hits you. The centaur warrior hits you!
* * * LOW HITPOINT WARNING * * *
There is an open door, spattered with blood here.
The centaur warrior wields a +0 longbow.
The centaur warrior shoots an arrow.
The arrow hits you.
* * * LOW HITPOINT WARNING * * *
The centaur warrior hits you!
* * * LOW HITPOINT WARNING * * *
The centaur warrior hits you.
You die...

################
#<.#..').#..'..#
#..'.[#..').#..+
#..#####'#####(# ##
#..####..#...#(####§§#
#..#__####..##@#≈§§§c#
#..#_____##'#_c'≈§§§§
#⌠⌠#_.∩...'..._#c§§§c#
####_..__##_.#'##'####
#_____###+#.# ?[(
####### ### ###


You could see 2 centaur warriors.

Vanquished Creatures
  Sigmund (D)
  A yak (D)
  An ogre (D)
  A jelly (D)
  Ijyb (D)
5 creatures vanquished.

Vanquished Creatures (others)
  3 hornets (D)
3 creatures vanquished.

Grand Total: 8 creatures vanquished

Notes
Turn   | Place    | Note
-------+----------+-------------------------------------------
     0 | D        | funkygono the Minotaur Fighter began the quest for the Orb.
     0 | D        | Reached XP level 1. HP: 19/19 MP: 0/0
     1 | D        | Noticed Ijyb
    28 | D        | Killed Ijyb
    28 | D        | Reached skill level 5 in Fighting
    28 | D        | Reached skill level 5 in Armour
    28 | D        | Reached skill level 5 in Shields
    28 | D        | Reached XP level 2. HP: 16/29 MP: 1/1
   326 | D        | Noticed an ogre
   329 | D        | Killed an ogre
   329 | D        | Reached skill level 7 in Armour
   329 | D        | Reached skill level 1 in Dodging
   329 | D        | Reached XP level 3. HP: 13/39 MP: 2/2
   329 | D        | Reached XP level 4. HP: 15/47 MP: 3/3
   544 | D        | Noticed Sigmund
   550 | D        | Killed Sigmund
   550 | D        | Reached skill level 5 in Maces & Flails
   550 | D        | Reached skill level 9 in Armour
   550 | D        | Reached skill level 1 in Unarmed Combat
   550 | D        | Reached XP level 5. HP: 56/56 MP: 4/4
   666 | D        | Found an ornate altar of the Wu Jian Council.
   666 | D        | Found a shimmering blue altar of Sif Muna.
   668 | D        | Found a radiant altar of Vehumet.
   675 | D        | Reached XP level 6. HP: 53/62 MP: 5/5
   698 | D        | Found Gaim's Antique Weapon Emporium.
   698 | D        | Found an ancient bone altar of Kikubaaqudgha.
   698 | D        | Found a hazy altar of Hepliaklqana.
   698 | D        | Found a stormy altar of Qazlal.
   698 | D        | Found a hide-covered altar of Uskayaw.
   698 | D        | Found a blossoming altar of Fedhas.
   698 | D        | Found a bloodstained altar of Trog.
   698 | D        | Found an iron altar of Okawaru.
   698 | D        | Found a basalt altar of Yredelemnul.
   698 | D        | Found a glowing golden altar of the Shining One.
   698 | D        | Found a snail-covered altar of Cheibriados.
   698 | D        | Found a sacrificial altar of Ru.
   698 | D        | Found a glowing silver altar of Zin.
   698 | D        | Found a shadowy altar of Dithmenos.
   698 | D        | Found a white marble altar of Elyvilon.
   698 | D        | Noticed a yak
   703 | D        | Killed a yak
   703 | D        | Reached skill level 10 in Armour
   704 | D        | Found an opulent altar of Gozag.
   705 | D        | Found a sparkling altar of Nemelex Xobeh.
   710 | D        | Killed a hornet
   711 | D        | Killed a hornet
   719 | D        | Killed a hornet
   729 | D        | Became a worshipper of the Shining One
   757 | D        | Noticed a centaur warrior
   760 | D        | Noticed a centaur warrior
   777 | D        | HP: 2/64 [centaur warrior (11)]
   777 | D        | Slain by a centaur warrior

Illustrated notes

Levels and vault maps discovered:
D:        dungeon_sprint_1 [red_sonja_temple_1, red_sonja_temple_small_1]

Skill      XL: |  1  2  3  4  5  6 |
---------------+-------------------+-----
Fighting       | 5 7 8 9 |  9.5
Maces & Flails | 3 4 5 6 7 |  7.2
Armour         | 5 7 9 10 | 10.0
Shields        | 5 6 8 9 |  9.3
Dodging        | 1 2 |  2.0
Unarmed Combat | 1 |  1.3

Action                   |  1- 3 |  4- 6 || total
-------------------------+-------+-------++-------
Melee: Unarmed           |    23 |       ||    23
       Flail             |     2 |    15 ||    17
       Headbutt          |     1 |     3 ||     4
Evoke: Wand              |       |     1 ||     1
  Use: Potion            |     1 |       ||     1
Armor: Skin              |     1 |       ||     1
       Chain mail        |       |     4 ||     4
Dodge: Dodged            |     4 |     1 ||     5
Block: Kite shield       |     1 |     9 ||    10
